 Dungeon Crawl Stone Soup version 0.28.0-43-g3370ac3207 (webtiles) character file.

Game seed: 10037293893445491116

35 demenzo the Cutter (level 3, -3/26 HPs)
             Began as an Octopode Cinder Acolyte on Mar 31, 2022.
             Was a High Priest of Ignis.
             Frozen to death by an endoplasm (4 damage)
             ... on level 2 of the Dungeon.
             The game lasted 00:01:59 (2117 turns).

demenzo the Cutter (Octopode Cinder Acolyte)        Turns: 2117, Time: 00:02:00

Health: -3/26      AC:  8    Str: 13    XL:     3   Next: 35%
Magic:  5/5        EV: 12    Int: 18    God:    Ignis [*****.]
Gold:   75         SH:  0    Dex:  7    Spells: 4/4 levels left

rFire   + . .      SeeInvis .   a - -1 short sword (flame)
rCold   . . .      Faith    .   (no shield)
rNeg    + . .      Spirit   .   (helmet restricted)
rPois   .          Reflect  .   (no amulet)
rElec   .          Harm     .   c - ring of positive energy
rCorr   .          Rampage  .   (no ring)
Will    .....                   (no ring)
Stlth   ++........              (no ring)
HPRegen 0.08/turn               (no ring)
MPRegen 0.09/turn               (no ring)
                                (no ring)
                                (no ring)

@: fiery-armoured
A: almost no armour, amphibious, 8 rings, camouflage 1, gelatinous body 1,
(nimble swimmer 1), tentacles
a: Renounce Religion, Fiery Armour, Foxfire Swarm, Rising Flame


You were on level 2 of the Dungeon.
You worshipped Ignis.
Ignis was extremely pleased with you.
You visited 1 branch of the dungeon, and saw 3 of its levels.

You collected 75 gold pieces.

Inventory:

Hand Weapons
 a - a -1 short sword of flaming (weapon)
 l - a +0 rapier
Missiles
 d - 50 arrows
 g - 65 stones (quivered)
Jewellery
 c - a ring of positive energy (left tentacle)
Scrolls
 e - a scroll of fear {unknown}
 j - a scroll of fog {unknown}
 k - a scroll of identify {unknown}
 m - a scroll of enchant armour {unknown}
Potions
 b - a potion of curing {unknown}
 f - 2 potions of degeneration {unknown}
 h - a potion of lignification {unknown}
 i - a potion of might {unknown}


   Skills:
 + Level 3.2 Fighting
 * Level 3.5 Short Blades
 + Level 1.2 Stealth
 + Level 1.3 Spellcasting
 + Level 3.2 Fire Magic


You had 4 spell levels left.
You didn't know any spells.
Your spell library contained the following spells:

 Spells                   Type           Power      Damage    Failure   Level
 Scorch                   Fire           24%        2d6       8%          2


Dungeon Overview and Level Annotations

Branches:
Dungeon (3/15)

Altars:

Annotations:
D:2 Sigmund


Innate Abilities, Weirdness & Mutations

You cannot wear most types of armour.
You are amphibious.
You can wear up to eight rings at the same time.
Your skin changes colour to match your surroundings (Stealth+).
Your rubbery body absorbs attacks. (AC +1, EV +1)
((You are camouflaged when in or above water. (Stealth+)))
You have tentacles for arms and can constrict up to eight enemies at once.


Message History

An orc comes into view. It is wielding a +0 vorpal war axe.
Found three items.
An endoplasm and an orc priest come into view.
There is an open door here.
The endoplasm quivers.
The orc shouts! x2; The orc priest shouts!
The orc shouts!
You hit the orc. You burn the orc. Your grab misses the orc.
Your squeeze misses the orc.
The orc is severely wounded.
The orc hits you with a +0 short sword.
You hit the orc but do no damage. You grab the orc.
Your squeeze misses the orc.
The orc is severely wounded.
You constrict the orc, but do no damage.
The orc priest calls upon Beogh to heal the orc.
The orc's wounds heal themselves!
The orc hits you with a +0 mace! The orc hits you with a +0 short sword.
You release your grip on the orc.
There is an open door here.
A protective cloak of flame settles atop you.
The orc priest closely misses you. The orc barely misses you.
The endoplasm jiggles.
The orc priest miscasts a cantrip.
The orc priest mumbles some strange prayers to Beogh against you.
Beogh smites you!
* * * LOW HITPOINT WARNING * * *
The endoplasm jiggles.
The orc priest looks satisfied for a moment.
There is a stone staircase leading down here.
There is a stone staircase leading up here.
The endoplasm freezes you.
You are frozen.
* * * LOW HITPOINT WARNING * * *
You climb upwards.
Level annotation: Sigmund
There is a stone staircase leading down here.
An adder comes into view.
The endoplasm freezes you.
You are frozen.
You die...

#)# #.# #. ... #!#
#.##.# ##### #.#
#S#..# ......#.#
#.#..# #.....#.#
#.#..####......#.##
#.#.........#......
#.##>......g.......
#.@J...........#.##
#######....... #.#
..... #.# ... #.#
g.. #.# . . #.# #.#
#.# #.#


You could see an adder (asleep) and an endoplasm.

Vanquished Creatures
  2 dart slugs (D:1)
  4 endoplasms (D:1)
  A giant cockroach (D:2)
  3 goblins
  4 hobgoblins (D:1)
  4 quokkas
  3 ball pythons (D:1)
  3 bats
  A kobold (D:1)
  2 rats (D:1)
27 creatures vanquished.

Notes
Turn   | Place    | Note
-------+----------+-------------------------------------------
     0 | D:1      | demenzo the Octopode Cinder Acolyte began the quest for the
                  | Orb.
     0 | D:1      | Reached XP level 1. HP: 16/16 MP: 2/2
   126 | D:1      | Reached XP level 2. HP: 21/21 MP: 3/3
   512 | D:1      | Reached skill level 1 in Stealth
   663 | D:1      | Found a faded altar of an unknown god.
   726 | D:1      | Reached XP level 3. HP: 6/26 MP: 4/4
  1444 | D:2      | Noticed Sigmund
  2114 | D:3      | HP: 1/26 [frozen (5)]
  2117 | D:2      | Frozen to death by an endoplasm

Illustrated notes

Levels and vault maps discovered:
D:1:      minmay_arrival_checkered_box, layout_basic, basic_ecumenical_altar
D:2:      layout_basic, basic_altar, uniq_sigmund
D:3:      layout_basic

Skill      XL: |  1  2 |
---------------+-------+-----
Stealth        | 1 |  1.2
Fighting       | |  3.2
Short Blades   | |  3.5
Spellcasting   | |  1.3
Fire Magic     | |  3.2

Action                   || total
-------------------------++-------
Melee: Short sword       ||    54
       Constrict         ||    12
       Tentacles         ||     9
       Punch             ||     1
Invok: Fiery Armour      ||     1
 Stab: Sleeping          ||     5
Armor: Skin              ||     2
Dodge: Dodged            ||    26
